 Dungeon Crawl Stone Soup version 0.31-a0-1321-g5021b54 (webtiles) character file.

Game seed: 5815997818486003817

61 Meow the Conjurer (level 4, 36/36 HPs)
             Began as a Naga Conjurer on Dec 20, 2023.
             Quit the game on level 2 of the Dungeon.
             The game lasted 00:02:48 (1182 turns).

Meow the Conjurer (Naga Conjurer)                   Turns: 1182, Time: 00:02:49

Health: 36/36      AC:  2    Str:  9    XL:     4   Next: 7%
Magic:  6/8        EV:  9    Int: 20    God:
Gold:   45         SH:  0    Dex: 10    Spells: 6/9 levels left

rFire   . . .        a - +0 dagger
rCold   . . .        (no shield)
rNeg    + . .        d - +0 robe
rPois   +            (no helmet)
rElec   .            (no cloak)
rCorr   .            (no gloves)
SInv    +            (no barding)
Will    .....        (no amulet)
Stlth   ++           e - ring of positive energy
HPRegen 0.26/turn    (no ring)
MPRegen 0.11/turn

%: no passive effects
@: short of breath, very slow
A: AC +1, large, see invisible, deformed body, poison resistance, slowness 2,
spit poison 1, naga tail 1
a: Spit Poison


You were on level 2 of the Dungeon.
You visited 1 branch of the dungeon, and saw 3 of its levels.

You collected 45 gold pieces.

Inventory:

Hand Weapons
 a - a +0 dagger (weapon)
Missiles
 c - 28 stones
 i - 2 poisoned darts
Armour
 d - a +0 robe (worn)
Jewellery
 e - a ring of positive energy (left hand)
Wands
 l - a wand of light (9)
Scrolls
 k - 3 scrolls of torment {unknown}
Potions
 b - a potion of magic
 f - a potion of attraction {unknown}
 g - 2 potions of curing {unknown}
 h - a potion of degeneration {unknown}
 j - a potion of heal wounds {unknown}


   Skills:
 - Level 1.5 Dodging
 - Level 3.0 Stealth
 + Level 3.1 Spellcasting
 + Level 4.8 Conjurations


You had 6 spell levels left.
You knew the following spells:

 Your Spells              Type           Power      Damage    Failure   Level
a - Magic Dart            Conj           88%        1d7       1%          1
b - Searing Ray           Conj           44%        2d6       3%          2

Your spell library contained the following spells:

 Spells                   Type           Power      Damage    Failure   Level
 Fulminant Prism          Conj/Alch      6%         3d7       45%         4
 Iskenderun's Mystic Bla  Conj/Tloc      12%        2d5       45%         4


Dungeon Overview and Level Annotations

Branches:
Dungeon (3/15)

Altars:

Annotations:
D:2 1 runed translucent door, Crazy Yiuf


Innate Abilities, Weirdness & Mutations

Your serpentine skin is tough. (AC +1)
You have supernaturally acute eyesight. (SInv)
Armour fits poorly on your strangely shaped body.
Your system is resistant to poisons. (rPois)
You cover ground very slowly.
You can spit poison.
You have a snake-like lower body.


Message History

A goblin, an adder and a hobgoblin come into view.
Found a stone staircase leading up.
Aiming: Spit Poison (2% risk of failure)
Press: ? - help, Shift-Dir - straight line, f - hobgoblin
Aim: a hobgoblin (59% to hit)
The splash of poison hits the hobgoblin.
The hobgoblin is poisoned.
The hobgoblin is severely wounded.
Unknown command.
Casting: Magic Dart (safe; 1% risk of failure)
Confirm with . or Enter, or press ? or * to list all spells.
Aiming: Magic Dart (safe; 1% risk of failure)
Press: ? - help, Shift-Dir - straight line, f/p - hobgoblin
Aim: a hobgoblin (severely wounded, poisoned, 100% to hit)
The magic dart hits the hobgoblin.
You kill the hobgoblin!
Unknown command.
You start resting.
You have got your breath back.
You start resting.
Magic restored.
Okay, then.
Unknown command.
Casting: Magic Dart (safe; 1% risk of failure)
Confirm with . or Enter, or press ? or * to list all spells.
Aiming: Magic Dart (safe; 1% risk of failure)
Press: ? - help, Shift-Dir - straight line, f - adder
Aim: an adder (asleep, 100% to hit)
The magic dart hits the adder.
The adder is heavily wounded.
The adder hisses angrily.
Unknown command.
Aiming: Spit Poison (2% risk of failure)
Press: ? - help, Shift-Dir - straight line, f/p - adder
Aim: an adder (heavily wounded, 37% to hit)
The splash of poison hits the adder!
The adder is poisoned.
You kill the adder!
You have reached level 4!
You feel agile.
Are you sure you want to abandon this character and quit the game? (Confirm with "yes".)

# ... ....#
g⌠....######
......†..@.#
....##.###.##
. #< #..# #.
##.# #. #.#
#. #.#### ##
#..>.#######
####........
########.


There were no monsters in sight!

Vanquished Creatures
  2 adders (D:2)
  5 dart slugs (D:1)
  2 ball pythons (D:1)
  3 bats
  A giant cockroach (D:1)
  3 goblins (D:1)
  4 hobgoblins
  2 jackals (D:1)
  3 quokkas
  A frilled lizard (D:1)
  2 kobolds
  4 rats
32 creatures vanquished.

Notes
Turn   | Place    | Note
-------+----------+-------------------------------------------
     0 | D:1      | Meow the Naga Conjurer began the quest for the Orb.
     0 | D:1      | Reached XP level 1. HP: 15/15 MP: 3/3
   146 | D:1      | Reached XP level 2. HP: 22/22 MP: 3/5
   149 | D:1      | Learned a level 2 spell: Searing Ray
   503 | D:1      | Reached XP level 3. HP: 28/28 MP: 1/6
  1031 | D:2      | Found a runed translucent door.
  1032 | D:2      | Noticed Crazy Yiuf
  1088 | D:2      | You fall into a shaft and drop 1 floor!
  1181 | D:2      | Reached XP level 4. HP: 36/36 MP: 6/8
  1182 | D:2      | Quit the game

Illustrated notes

Levels and vault maps discovered:
D:1:      dpeg_arrival_windows_large_door, layout_basic
D:2:      layout_rooms, basic_altar, hangedman_feature_mirror, uniq_natasha,
          uniq_crazy_yiuf_cottage
D:3:      layout_loops_ring, ebering_ecumenical_altar_mist,
          chequers_serial_rivers_small_a, minmay_snake_closets, uniq_ijyb

Skill      XL: |  1  2  3 |
---------------+----------+-----
Spellcasting   | 3 |  3.1
Dodging        | |  1.5
Stealth        | |  3.0
Conjurations   | |  4.8

Action                     |  1- 3 |  4- 6 || total
---------------------------+-------+-------++-------
   Cast: Magic Dart        |    42 |       ||    42
         Searing Ray       |     4 |       ||     4
Ability: Spit Poison       |    21 |       ||    21
 Armour: Robe              |     4 |       ||     4
  Dodge: Dodged            |     2 |       ||     2

Table legend: (Time is in decaauts)
 A = Elapsed time spent in this place.
 B = Non-inter-level travel time spent in this place.
 C = Inter-level travel time spent in this place.
 D = Time resting spent in this place.
 E = Time spent auto-exploring this place.
 F = Levels seen in this place.
 G = Mean time per level.
                   A        B        C        D        E       F      G
               +--------+--------+--------+--------+--------+-----+--------+
         Total |   1404 |   1365 |     39 |    504 |    663 |   3 |  468.0 |
       Dungeon |   1404 |   1365 |     39 |    504 |    663 |   3 |  468.0 |
               +--------+--------+--------+--------+--------+-----+--------+

Top non-repeatable levels by time:
     D:1: 1003 daAuts
     D:2: 331 daAuts
     D:3: 70 daAuts
